 Dungeon Crawl Stone Soup version 0.20.1-1-g8b1a95d (webtiles) character file.

897 Hylith the Cleaver (level 7, -11/58 HPs)
             Began as a Minotaur Gladiator on Dec 24, 2017.
             Mangled by an orc warrior
             ... wielding a +0 dire flail
              (19 damage)
             ... on level 5 of the Dungeon.
             The game lasted 00:16:08 (2978 turns).

Hylith the Cleaver (Minotaur Gladiator)             Turns: 2978, Time: 00:16:09

Health: -11/58     AC:  8    Str: 21    XL:     7   Next: 79%
Magic:  6/6        EV: 11    Int:  5    God:
Gold:   148        SH:  3    Dex: 11    Spells: 6/6 levels left

rFire    . . .     SeeInvis +   a - +0 war axe
rCold    . . .     Gourm    .   o - +0 buckler
rNeg     . . .     Faith    .   B - +0 scale mail
rPois    +         Spirit   .   c - +0 hat
rElec    +         Reflect  .   p - +0 cloak
rCorr    +         Harm     .   (no gloves)
MR       .....                  (no boots)
Stlth    ..........             (no amulet)
Regen    0.2/turn               f - ring of Weck {rCorr rElec rPois SInv}
MPRegen  0.1/turn               (no ring)

@: no status effects
A: retaliatory headbutt, horns 2
a: no special abilities


You were on level 5 of the Dungeon.
You were not hungry.

You visited 1 branch of the dungeon, and saw 5 of its levels.

You collected 148 gold pieces.

Inventory:

Hand Weapons
 a - a +0 war axe (weapon)
 b - a -2 spear
 x - a +0 war axe
 C - a +0 hand axe of distortion
Missiles
 d - 3 throwing nets (quivered)
 k - 50 sling bullets
 s - 69 arrows
 v - 16 bolts
Armour
 c - a +0 hat (worn)
 o - a +0 buckler (worn)
 p - a +0 cloak (worn)
 y - a +2 naga barding
 B - a +0 scale mail (worn)
Jewellery
 f - the ring of Weck (left hand) {rCorr rElec rPois SInv}
   (You found it on level 4 of the Dungeon)

   [ring of resist corrosion]

   It insulates you from electricity.
   It protects you from poison.
   It lets you see invisible.
Scrolls
 h - a scroll of amnesia
 i - a scroll of fog
 t - 2 scrolls of remove curse
 u - a scroll of identify
Potions
 e - 5 potions of curing
 g - a potion of lignification {unknown}
 l - 2 potions of might {unknown}
 m - a potion of brilliance {unknown}
 q - a potion of haste {unknown}
 r - 3 potions of invisibility {unknown}
 w - a potion of cancellation {unknown}
 z - a potion of heal wounds {unknown}
 A - a potion of ambrosia {unknown}
Comestibles
 j - 3 meat rations
 n - 5 royal jellies


   Skills:
 + Level 3.9 Fighting
 + Level 8.5 Axes
 + Level 2.1 Throwing
 + Level 4.6 Armour
 + Level 4.7 Dodging
 + Level 1.0 Stealth
 + Level 1.0 Shields


You had 6 spell levels left.
You didn't know any spells.

Dungeon Overview and Level Annotations

Branches:
Dungeon (5/15)
 Temple: D:4-7

Altars:


Innate Abilities, Weirdness & Mutations

You reflexively headbutt those who attack you in melee.
You have a pair of horns on your head.


Message History

Inscribe with what?
Okay, then.
Really unwield
C - a +0 hand axe of distortion?
You are crushed and pinned by an extremely strong localised spatial distortion!
a - a +0 war axe (weapon)
You are no longer firmly anchored in space.
You start resting.
The orc warrior shouts!
A worker ant comes into view.
The worker ant twitches its antennae in your direction.
An iguana comes into view.
You barely miss the orc warrior.
The iguana hisses angrily.
You headbutt the orc warrior.
The orc warrior is lightly wounded.
The orc warrior hits you with a dire flail!!
* * * LOW HITPOINT WARNING * * *
The orc warrior hits you with a dire flail!!
You die...

...##≈≈≈###....#####.#
..##≈≈≈# #...........
.##≈≈≈## #...######..
##≈≈≈##.###...######..
#≈≈≈##..#.#...........
≈≈≈##...#.#...######.#
≈≈##....#...[)........
≈##s....##....######.#
##5.).. #.......@o.#
#...... ##.#######.#
....... ##.#######.#
... #.†.....##a#
#†..###o##.# #....#.#
#.##l# #....#..##.##..
###......#.....
#.###..#.....


You could see an orc warrior.

Vanquished Creatures
  A water moccasin (D:4)
  A sky beast (D:5)
  2 centaurs (D:5)
  A black bear (D:5)
  A crimson imp (D:4)
  A howler monkey (D:4)
  An orc priest (D:5)
  2 hounds
  2 orc wizards (D:5)
  3 worker ants (D:4)
  8 adders
  A shadow imp (D:5)
  5 worms
  An adder skeleton (D:4)
  An adder zombie (D:5)
  5 orcs (D:5)
  6 bats
  5 giant cockroaches
  9 goblins
  6 hobgoblins
  5 jackals
  A quokka (D:3)
  A ball python (D:2)
  3 frilled lizards
  A jackal skeleton (D:4)
  9 kobolds
  A leopard gecko skeleton (D:4)
  A quokka skeleton (D:4)
  4 rats
88 creatures vanquished.

Notes
Turn   | Place    | Note
-------+----------+-------------------------------------------
     0 | D:1      | Hylith the Minotaur Gladiator began the quest for the Orb.
     0 | D:1      | Reached XP level 1. HP: 18/18 MP: 0/0
   446 | D:1      | Reached XP level 2. HP: 25/25 MP: 1/1
   496 | D:1      | Reached skill level 4 in Axes
   970 | D:2      | Reached XP level 3. HP: 25/30 MP: 2/2
  1301 | D:2      | Reached skill level 1 in Armour
  1342 | D:2      | Reached XP level 4. HP: 34/37 MP: 3/3
  1347 | D:2      | Reached skill level 5 in Axes
  1906 | D:4      | Got a twitching silver ring
  1909 | D:4      | Identified the ring of Weck {rCorr rElec rPois SInv} (You found it on level 4 of the Dungeon)
  2127 | D:4      | Reached XP level 5. HP: 42/42 MP: 4/4
  2194 | D:4      | Reached skill level 6 in Axes
  2291 | D:4      | Noticed a water moccasin
  2306 | D:4      | Killed a water moccasin
  2306 | D:4      | Reached XP level 6. HP: 22/50 MP: 5/5
  2431 | D:4      | Reached skill level 7 in Axes
  2530 | D:5      | Entered Level 5 of the Dungeon
  2624 | D:5      | Reached skill level 1 in Stealth
  2624 | D:5      | Reached XP level 7. HP: 52/57 MP: 6/6
  2746 | D:5      | Reached skill level 8 in Axes
  2746 | D:5      | Reached skill level 1 in Shields
  2978 | D:5      | Mangled by an orc warrior

Skill      XL: |  1  2  3  4  5  6  7 |
---------------+----------------------+-----
Axes           | 4 5 6 7 8 |  8.5
Dodging        | 4 |  4.7
Armour         | 1 2 3 4 |  4.6
Fighting       | 3 |  3.9
Stealth        | 1 |  1.0
Shields        | 1 |  1.0
Throwing       | |  2.1

Action                   |  1- 3 |  4- 6 |  7- 9 || total
-------------------------+-------+-------+-------++-------
Melee: War axe           |    65 |    96 |    44 ||   205
       Headbutt          |    14 |    16 |     5 ||    35
  Use: Scroll            |     4 |     3 |       ||     7
  Eat: Chunk             |     1 |     1 |       ||     2
       Bread ration      |       |     1 |       ||     1
Armor: Scale mail        |    26 |    35 |    26 ||    87
       Leather armour    |     2 |       |       ||     2
Dodge: Dodged            |    35 |    54 |    28 ||   117
Block: Buckler           |       |    11 |     5 ||    16
